Construct Infanterie Kompanie
Selects Italian Coastal Battlegroup
Construct Luftwaffe Kompanie
Selects Designated Artillery Overwatch
Construct Panzergrenadier Kompanie
Designated Artillery Overwatch
Marder III M Tank Destroyer
Nebelwerfer 42 Rocket Launcher Team
Pak 40 Anti-tank Gun Team
Selects Artillery Officer
Designated Artillery Overwatch
Selects Obice da 210/22 Artillery Emplacement
Designated Artillery Overwatch
Designated Artillery Overwatch
Pak 40 Anti-tank Gun Team
Marder III M Tank Destroyer